 Dungeon Crawl Stone Soup version 0.28.0-43-g3370ac3207 (webtiles) character file.

Game seed: 7865360527395247043

61 nickcage the Firebug (level 3, -3/26 HPs)
             Began as a Draconian Fire Elementalist on Mar 24, 2022.
             Slain by Grinder (4 damage)
             ... on level 3 of the Dungeon.
             The game lasted 00:08:07 (2600 turns).

nickcage the Firebug (Draconian Fire Elementalist)  Turns: 2600, Time: 00:08:08

Health: -3/26      AC:  5    Str: 10    XL:     3   Next: 83%
Magic:  1/6        EV: 12    Int: 17    God:
Gold:   77         SH:  0    Dex: 11    Spells: 3/6 levels left

rFire   . . .      SeeInvis .   i - +0 spear (venom)
rCold   . . .      Faith    .   (no shield)
rNeg    . . .      Spirit   .   (armour unavailable)
rPois   .          Reflect  .   (helmet restricted)
rElec   .          Harm     .   (no cloak)
rCorr   .          Rampage  .   (no gloves)
Will    .....                   (no boots)
Stlth   ++........              (no amulet)
HPRegen 0.08/turn               (no ring)
MPRegen 0.10/turn               (no ring)

@: no status effects
A: AC +5, unfitting armour, cold-blooded
a: no special abilities


You were on level 3 of the Dungeon.
You visited 1 branch of the dungeon, and saw 3 of its levels.

You collected 77 gold pieces.

Inventory:

Hand Weapons
 a - a +0 dagger
 i - a +0 spear of venom (weapon)
Missiles
 m - 10 poisoned darts
Scrolls
 b - a scroll of brand weapon {unknown}
 c - a scroll of teleportation {unknown}
 d - a scroll of identify {unknown}
 g - a scroll of holy word {unknown}
 h - a scroll of fear {unknown}
 k - a scroll of enchant weapon {unknown}
Potions
 e - a potion of mutation {unknown}
 f - a potion of haste
 j - a potion of curing {unknown}
 l - a potion of might {unknown}
 n - a potion of magic {unknown}


   Skills:
 - Level 0.7 Short Blades
 - Level 1.7 Dodging
 - Level 1.7 Stealth
 - Level 2.0 Spellcasting
 + Level 1.1 Conjurations
 + Level 4.6 Fire Magic


You had 3 spell levels left.
You knew the following spells:

 Your Spells              Type           Power      Damage    Failure   Level
a - Foxfire               Conj/Fire      44%        2x1d6     6%          1
b - Scorch                Fire           34%        2d7       4%          2

Your spell library contained the following spells:

 Spells                   Type           Power      Damage    Failure   Level
 Sting                    Tmut/Pois      4%         1d3       19%         1
 Conjure Flame            Conj/Fire      11%        6-21      19%         3
 Inner Flame              Hex/Fire       9%         N/A       22%         3
 Blink                    Tloc           2%         N/A       28%         2
 Poisonous Vapours        Pois/Air       2%         N/A       28%         2
 Flame Wave               Conj/Fire      11%        2d5       52%         4
 Olgreb's Toxic Radiance  Pois           1%         N/A       88%         4
 Manifold Assault         Tloc           1%         N/A       99%         5
 Storm Form               Tmut/Air       0%         N/A       100%        7


Dungeon Overview and Level Annotations

Branches:
Dungeon (3/15)

Altars:

Annotations:
D:3 Grinder


Innate Abilities, Weirdness & Mutations

Your plain brown scales are hard. (AC +5)
You cannot fit into any form of body armour.
You are cold-blooded and may be slowed by cold attacks.


Message History

Found an escape hatch in the ceiling.
There is an escape hatch in the ceiling here.
Found a glowing hunting sling.
Found a stone staircase leading down.
n - a sedimented puce potion You see here a +1 hunting sling of flaming.
Grinder shouts!
Grinder blinks!
An endoplasm comes into view.
You can't see any susceptible monsters within range! (Use Z to cast anyway.) Flames lash Grinder.
Grinder is lightly wounded.
Grinder's fire resistance burns away.
Grinder says, "You look like you could use a good racking."
Grinder gestures at you.
You suddenly lose the ability to move!
Grinder hits you.
You writhe in agony.
You can move again.
Flames lash the endoplasm.
You kill the endoplasm!
Grinder blinks!
Unknown command.
You reach to attack!
You closely miss Grinder.
Grinder is lightly wounded.
Flames lash Grinder.
Grinder is moderately wounded.
Grinder's fire resistance burns away.
Grinder hits you.
You writhe in agony.
* * * LOW HITPOINT WARNING * * *
You are too injured to fight recklessly!
You don't have enough magic to cast this spell.
You are too injured to fight recklessly!
You closely miss Grinder.
Grinder is moderately wounded.
Grinder gestures at you.
You barely resist. Grinder closely misses you.
You closely miss Grinder.
Grinder is moderately wounded.
Grinder hits you!
* * * LOW HITPOINT WARNING * * *
You writhe in agony.
You die...

# #...###########
..5...ยง.....)>###
#...####5###....#
# #@# #....#
#.###....###
#.##.......#
#.##.......#
#.##.......#
#.####.##### #.#
#<# #.####.#######
#..........#


You could see Grinder (combustible).

Vanquished Creatures
  An adder (D:2)
  3 dart slugs
  5 endoplasms
  3 giant cockroaches
  6 hobgoblins
  A jackal (D:3)
  4 kobolds
  A quokka (D:1)
  6 ball pythons
  3 bats (D:1)
  A frilled lizard (D:1)
  6 goblins
  A rat (D:1)
41 creatures vanquished.

Vanquished Creatures (others)
  23 foxfires (D:1)
  2 plants (D:2)
25 creatures vanquished.

Grand Total: 66 creatures vanquished

Notes
Turn   | Place    | Note
-------+----------+-------------------------------------------
     0 | D:1      | nickcage the Draconian Fire Elementalist began the quest
                  | for the Orb.
     0 | D:1      | Reached XP level 1. HP: 14/14 MP: 3/3
   429 | D:1      | Reached XP level 2. HP: 20/20 MP: 3/5
   580 | D:1      | Learned a level 2 spell: Scorch
  1168 | D:1      | Reached skill level 4 in Fire Magic
  1366 | D:1      | Reached XP level 3. HP: 26/26 MP: 3/6
  2455 | D:3      | Noticed Grinder
  2587 | D:3      | Paralysed by Grinder for 3 turns
  2600 | D:3      | HP: 1/26 [Grinder (7)]
  2600 | D:3      | Slain by Grinder

Illustrated notes

Levels and vault maps discovered:
D:1:      onia_arrival_mini_spirals, layout_basic
D:2:      layout_loops_ring, serial_bayou_lake_a
D:3:      layout_basic, shapermc_ecumenical_altar_pompeii,
          minmay_misc_feat_diagonals, kennysheep_small_spiral, uniq_grinder

Skill      XL: |  1  2 |
---------------+-------+-----
Fire Magic     | 4 |  4.6
Short Blades   | |  0.7
Dodging        | |  1.7
Stealth        | |  1.7
Spellcasting   | |  2.0
Conjurations   | |  1.1

Action                   || total
-------------------------++-------
Melee: Dagger            ||    25
       Tailslap          ||     1
       Punch             ||     1
       Spear             ||    11
 Cast: Foxfire           ||    14
       Scorch            ||    32
 Stab: Sleeping          ||     3
Armor: Skin              ||     5
Dodge: Dodged            ||    19
